 Dungeon Crawl Stone Soup version 0.30-a0-778-g2ef04afb54 (webtiles) character file.

Game seed: 12309366343118260889

198 Cris the Covered (level 5, -2/47 HPs)
             Began as a Minotaur Fighter on Feb 15, 2023.
             Killed by an exploding orc (31 damage)
             ... ignited by their inner flame
             ... on level 3 of the Dungeon.
             The game lasted 00:15:25 (1467 turns).

Cris the Covered (Minotaur Fighter)                 Turns: 1467, Time: 00:15:25

Health: -2/47      AC:  7    Str: 23      XL:     5   Next: 47%
Magic:  4/4        EV: 14    Int:  3 (5)  God:
Gold:   67         SH:  4    Dex:  9      Spells: 4/4 levels left

rFire   . . .      SeeInvis .    a - +0 flail
rCold   + . .      Faith    .    c - +0 buckler
rNeg    . . .      Spirit   .    b - +0 scale mail
rPois   .          Reflect  .    (helmet restricted)
rElec   .          Harm     .    (no cloak)
rCorr   .          Rampage  .    (no gloves)
Will    .....                    (no boots) Stlth
                                 (no amulet)
HPRegen 0.27/turn                h - ring of protection from cold
MPRegen 0.09/turn                i - +5 ring of evasion

@: no status effects
A: horns 2, retaliatory headbutt
a: no special abilities


You were on level 3 of the Dungeon.
You visited 1 branch of the dungeon, and saw 3 of its levels.

You collected 91 gold pieces.
You spent 24 gold pieces at shops.

Inventory:

Hand Weapons
 a - a +0 flail (weapon)
 k - a +0 short sword
 l - a +0 dagger
 m - a +0 dagger
 p - a +0 whip
Missiles
 s - a throwing net (quivered)
Armour
 b - a +0 scale mail (worn)
 c - a +0 buckler (worn)
 n - a +0 leather armour
 o - a +0 ring mail
Jewellery
 h - a ring of protection from cold (left hand)
 i - a +5 ring of evasion (right hand)
Wands
 g - a wand of mindburst (13)
Scrolls
 e - 2 scrolls of identify
 j - a scroll of teleportation {unknown}
Potions
 d - a potion of might
 f - a potion of degeneration
 q - a potion of flight


   Skills:
 + Level 4.4 Fighting
 + Level 4.4 Maces & Flails
 + Level 4.8 Armour
 + Level 1.4 Dodging
 + Level 4.5 Shields


You had 4 spell levels left.
You didn't know any spells.
Your spell library was empty.

Dungeon Overview and Level Annotations

Branches:
Dungeon (3/15)

Altars:

Shops:
D:1 *


Innate Abilities, Weirdness & Mutations

You have a pair of horns on your head.
You reflexively headbutt those who attack you in melee.


Message History

a black bear corpse A hobgoblin comes into view.
The hobgoblin shouts!
The hobgoblin completely misses you. You furiously retaliate!
You headbutt the hobgoblin, but do no damage.
You hit the hobgoblin. You headbutt the hobgoblin.
The hobgoblin is severely wounded.
The hobgoblin closely misses you. You block the hobgoblin's attack.
You barely miss the hobgoblin. You headbutt the hobgoblin.
You kill the hobgoblin!
You see here a hobgoblin corpse.
You see here a +0 quarterstaff.
Found a stone staircase leading down.
Found 3 stones.
An endoplasm and a rat come into view.
Found a scroll labelled QUSHRA VIUPNO.
You sock the endoplasm!
You kill the endoplasm!
You thump the rat!
You kill the rat! 2 orcs come into view.
The orc shouts! x2
An orc comes into view. It is wielding a +0 whip.
A frilled lizard comes into view.
The frilled lizard hisses angrily.
You see here a scroll labelled QUSHRA VIUPNO.
As you read the scroll labelled QUSHRA VIUPNO, it crumbles to dust.
The creatures around you are filled with an inner flame!
It was a scroll of immolation. 2 orcs come into view.
An orc is wielding a +1 flail of protection.
You barely miss the orc. Your headbutt misses the orc.
The orc hits you but does no damage.
You closely miss the orc. Your headbutt misses the orc.
You block the orc's attack. x2; The orc closely misses you.
The orc barely misses you. You furiously retaliate!
You headbutt the orc!
The orc explodes!
The fiery explosion engulfs you!!
Ouch! That really hurt!
You die...

#..............#..###....
..#...................#
#..#.........#..#.######
.≈≈≈≈≈≈≈≈..#......#######
##.......≈.....#.#........
.## ###.≈.........#..####
.≈.#.#...........
.≈.......o>..####.
.≈##...?@ol(....
#.....§§§...#..
.≈...##.§§§.o.... ≈...#
........... ≈..#
..###..o.... ≈.# #.#
...... ≈. .. ...... ..#
......


You could see 4 orcs and a frilled lizard (inner flame).

Vanquished Creatures
  A black bear (D:3)
  5 gnolls
  An adder (D:2)
  A worm (D:2)
  2 dart slugs (D:2)
  An orc (D:3)
  2 endoplasms
  2 giant cockroaches
  2 goblins
  4 hobgoblins
  2 quokkas
  5 ball pythons
  5 bats
  A frilled lizard (D:2)
  8 kobolds
  3 rats
45 creatures vanquished.

Notes
Turn   | Place    | Note
-------+----------+-------------------------------------------
     0 | D:1      | Cris the Minotaur Fighter began the quest for the Orb.
     0 | D:1      | Reached XP level 1. HP: 19/19 MP: 0/0
   161 | D:1      | Reached XP level 2. HP: 16/27 MP: 1/1
   401 | D:1      | Found Gaxzoan's General Store.
   693 | D:1      | Bought a scroll of identify for 24 gold pieces
   715 | D:2      | Reached XP level 3. HP: 33/33 MP: 2/2
   998 | D:2      | Reached XP level 4. HP: 9/40 MP: 3/3
  1395 | D:3      | Noticed a black bear
  1409 | D:3      | Killed a black bear
  1410 | D:3      | Reached skill level 1 in Dodging
  1410 | D:3      | Reached XP level 5. HP: 13/47 MP: 4/4
  1467 | D:3      | Killed by an exploding orc... ignited by their inner flame

Illustrated notes

Levels and vault maps discovered:
D:1:      lightli_arrival_boilingwater, layout_basic, serial_shops, shop
D:2:      layout_basic, chequers_avenue
D:3:      layout_rooms, nicolae_overflow_squiral,
          dreamdust_ecumenical_altar_hidden_monk_grotto, minmay_misc_feat_square

Skill      XL: |  1  2  3  4 |
---------------+-------------+-----
Fighting       | 4 |  4.4
Armour         | 4 |  4.8
Shields        | 4 |  4.5
Maces & Flails | 3 4 |  4.4
Dodging        | 1 |  1.4

Action                     |  1- 3 |  4- 6 || total
---------------------------+-------+-------++-------
  Melee: Flail             |    64 |    31 ||    95
         Headbutt          |     7 |     5 ||    12
    Use: Potion            |     1 |     2 ||     3
         Scroll            |       |     1 ||     1
 Armour: Scale mail        |    33 |    14 ||    47
  Dodge: Dodged            |    40 |    39 ||    79
  Block: Buckler           |    23 |     6 ||    29

Table legend: (Time is in decaauts)
 A = Elapsed time spent in this place.
 B = Non-inter-level travel time spent in this place.
 C = Inter-level travel time spent in this place.
 D = Time resting spent in this place.
 E = Time spent auto-exploring this place.
 F = Levels seen in this place.
 G = Mean time per level.
                   A        B        C        D        E       F      G
               +--------+--------+--------+--------+--------+-----+--------+
         Total |   1499 |    444 |   1055 |      0 |    115 |   3 |  499.7 |
       Dungeon |   1499 |    444 |   1055 |      0 |    115 |   3 |  499.7 |
               +--------+--------+--------+--------+--------+-----+--------+

Top non-repeatable levels by time:
     D:1: 720 daAuts
     D:2: 619 daAuts
     D:3: 159 daAuts
